 Dungeon Sprint DCSS version 0.26.1-11-gd32895ea62 (webtiles) character file.

Game seed: 11216982464458591649

12070 Dadi the Unseen (level 11, -6/42 HPs)
             Began as a Spriggan Enchanter on July 26, 2021.
             Was the Champion of Dithmenos.
             Mangled by a demonic crawler (12 damage)
             ... in the Dungeon (Sprint I: "Red Sonja") on July 27, 2021.
             The game lasted 00:24:18 (3347 turns).

Dadi the Unseen (Spriggan Enchanter)                Turns: 3347, Time: 00:24:19

Health: -6/42      AC:  5    Str:  4    XL:     11   Next: 57%
Magic:  26/32      EV: 18    Int: 20    God:    Dithmenos [******]
Gold:   1080       SH:  0    Dex: 19    Spells: 16/43 levels left

rFire    . . .     SeeInvis +   a - +1 dagger
rCold    . . .     Faith    .   (shield restricted)
rNeg     . . .     Spirit   .   b - +0 robe
rPois    .         Reflect  .   l - +1 hat "Juisocw" {Int+2 Stlth+}
rElec    +         Harm     .   (no cloak)
rCorr    .         Rampage  .   (gloves unavailable)
Will     +....     NoTele   +   (boots unavailable) Stlth *******+++
                                (no amulet)
HPRegen  0.14/turn              (no ring)
MPRegen  0.23/turn              (no ring)

@: confusing touch, wreathed by umbra, very quick
A: very small, unfitting armour, molten scales 1, see invisible, speed 3, frail
1, electricity resistance, MP-powered wands
a: Renounce Religion, Shadow Step, Shadow Form


You were in the Dungeon.
You worshipped Dithmenos.
Dithmenos was exalted by your worship.
You visited 1 branch You collected 2290 gold pieces.
You spent 1210 gold pieces at shops.


Innate Abilities, Weirdness & Mutations

You are very small and have problems with some larger weapons.
You are too small for most types of armour.
You have supernaturally acute eyesight. (SInv)
You cover ground extremely quickly.
You are partially covered in molten scales. (AC +2)
You are frail. (-10% HP)
You are resistant to electric shocks. (rElec)
You expend magic power (3 MP) to strengthen your wands.


   Skills:
 * Level 15.4 Short Blades
 - Level 3.0 Dodging
 + Level 20.9 Stealth
 + Level 16.8 Spellcasting
 + Level 16.9 Hexes


You had 16 spell levels left.
You knew the following spells:

 Your Spells              Type           Power        Failure   Level
a - Apportation           Tloc           32%          3%          1
c - Corona                Hex            78%          0%          1
d - Tukima's Dance        Hex            71%          0%          3
e - Ensorcelled Hibernat  Hex/Ice        100%         1%          2
f - Dazzling Flash        Conj/Hex       100%         1%          3
i - Invisibility          Hex            71%          1%          6
l - Lesser Beckoning      Tloc           8%           11%         3
t - Confusing Touch       Hex            71%          0%          3
A - Alistair's Intoxicat  Tmut/Pois      10%          67%         5

Your spell library contained the following spells:

 Spells                   Type           Power        Failure   Level


Inventory:

Hand Weapons
 a - a +1 dagger (weapon)
 m - a +0 dagger
   (You took it off a kobold demonologist in the Dungeon)
 o - a +0 short sword of distortion {!w}
   (You took it off Sonja in the Dungeon)
Missiles
 j - 15 sling bullets
 n - 5 curare-tipped darts {=f}
 r - 43 arrows
Armour
 b - a +0 robe (worn)
 l - the +1 hat "Juisocw" (worn) {Int+2 Stlth+}
   (You bought it in a shop in the Dungeon)

   It affects your intelligence (+2).
   It makes you more stealthy.
 s - a +0 pair of gloves
   (You found it in the Dungeon)
Wands
 c - a wand of random effects (16)
   (You took it off Ijyb in the Dungeon)
Scrolls
 i - a scroll of blinking {!r}
 k - a scroll of identify {unknown}
 p - a scroll of remove curse {unknown}
 q - a scroll of fear {unknown}
 t - a scroll of magic mapping {unknown}
Potions
 d - 5 potions of curing {@q1}
 e - a potion of heal wounds {@q2}
 f - a potion of haste {@q3}
 g - 2 potions of magic
 h - a potion of berserk rage {!q}
Miscellaneous
 u - a lightning rod (4/4)
   (You found it in the Dungeon)

Dungeon Overview and Level Annotations

Branches:
Dungeon (1/1)

Altars:
Cheibriados
Dithmenos
Elyvilon
Fedhas
Gozag
Hepliaklqana
Kikubaaqudgha
Makhleb
Nemelex Xobeh
Okawaru
Qazlal
Ru
Sif Muna
Trog
Uskayaw
Vehumet
Wu Jian
Xom
Yredelemnul
Zin
The Shining One
Jiyva
Lugonu

Shops:
D ![}****=*!::[**[:

Annotations:
D exclusion: oklob plant

#################################
'..#.)'..#__#..s@.[#..#§§§†§†§§§§
#..'..#..'^.'..#...##'#§####§§§§§
##'#####'#__####[..'..#.# ##§†§#
#..#...#.####).#####..§§# ###+#
####..##.#≈§§§)#..##°#### #.#
___##'#_.'§≈§§§§§.#.^.°°# #..
∩...'..._#≈§§.§#..#.^^°.+ ##.
.__##_.#'##'#####'###°).# .
___###'#.#.§§§###.'.#.^^# #


You could see a demonic crawler.


Message History

You bump into the closed door.
You are engulfed in noxious fumes.
You choke on the stench!
You are more confused. 😕 HP[+1]
You avoid triggering an arrow trap.
You are engulfed in noxious fumes.
There is an arrow trap here. 😮 HP[-1]
You take 1 damage, and now have 31/42 hp.
You bump into the stone wall.
You are engulfed in noxious fumes.
You choke on the stench!
You are more confused.
Level annotation: exclusion: oklob plant Lua error: /dgldir/rcfiles/crawl-0.26/Dadi.rc:4620: unexpected symbol near '"mode"' П¤– Initializing magus.rc ... Âœ… Successfully initialized magus.rc [v1.10.3.2021-6-05.01:30:15PM] Welcome back, Dadi the Spriggan Enchanter.
Dithmenos says: Spread the eternal night.
Press ? for a list of commands and other information.
You bump into the stone wall.
You bump into the stone wall.
You bump into the stone wall.
You bump into the stone wall.
You are engulfed in noxious fumes. 😮 HP[-1]
You take 1 damage, and now have 28/42 hp.
You bump into the stone wall.
You are engulfed in noxious fumes.
You choke on the stench!
You are more confused.
You are too confused!
Unknown command.
You are engulfed in noxious fumes. 😮 HP[-1]
You take 1 damage, and now have 27/42 hp.
You are too confused!
You are engulfed in noxious fumes.
You choke on the stench!
You are more confused. 😮 HP[-2]
You take 2 damage, and now have 25/42 hp.
You bump into the stone wall.
You are engulfed in noxious fumes. 😮 HP[-2]
You take 2 damage, and now have 23/42 hp.
You are engulfed in noxious fumes.
You choke on the stench!
You are more confused. 😮 HP[-1]
You take 1 damage, and now have 22/42 hp.
You are engulfed in noxious fumes.
* * * LOW HITPOINT WARNING * * *
😨 HP[-1]
You take 1 damage, and now have 21/42 hp.
You are engulfed in noxious fumes.
You choke on the stench!
You are more confused.
* * * LOW HITPOINT WARNING * * *
😨 HP[-1]
You take 1 damage, and now have 20/42 hp.
There is an open door here.
You're too confused to move! 😨 HP[+1] 😮 HP[+1]
You feel less confused.
You start resting.
You're standing in a cloud of noxious fumes! 😮 HP[+2]
You regained 2 hp, and now have 24/42 hp.
You're standing in a cloud of noxious fumes!
You start resting.
A demonic crawler is nearby! 😕 HP[+13]
You regained 13 hp, and now have 37/42 hp.
There is an open door here. 😕 HP[+1]
You catch the helpless demonic crawler completely off-guard!
You skewer the demonic crawler like a kebab!!!
The demonic crawler hits you.
The demonic crawler closely misses you. x2 😕 HP[-2]
You take 2 damage, and now have 36/42 hp.
You hit the demonic crawler. The demonic crawler hits you! x2
* * * LOW HITPOINT WARNING * * *
The demonic crawler closely misses you. 😨 HP[-18]
You take 18 damage, and now have 18/42 hp.
MASSIVE DAMAGE!! (PAUSE)
Okay, then.
Cast which spell? (? or * to list)
Your hands begin to glow red.
The demonic crawler hits you.
* * * LOW HITPOINT WARNING * * *
The demonic crawler hits you.
* * * LOW HITPOINT WARNING * * *
The demonic crawler hits you.
* * * LOW HITPOINT WARNING * * *
😱 HP[-12] MP[-3]
You take 12 damage, and now have 6/42 hp.
MASSIVE DAMAGE!! (PAUSE)
You lost 3 mp, and now have 29/32 mp.
You hit the demonic crawler but do no damage.
Your shadow completely misses the demonic crawler.
The demonic crawler hits you but does no damage.
The demonic crawler barely misses you. x2
Casting: Confusing Touch (safe; 0% risk of failure)
Confirm with . or Enter, or press ? or * to list all spells.
Your hands begin to glow brighter.
The demonic crawler hits you!
You die...

Skill      XL: |  1  2  3  4  5  6  7  8  9 10 11 |
---------------+----------------------------------+-----
Stealth        | 6 9 11 14 15 16 18 19 20 | 20.9
Spellcasting   | 4 6 9 11 12 13 14 15 16 | 16.8
Hexes          | 5 7 9 11 12 13 14 16 | 16.9
Short Blades   | 6 10 13 15 | 15.4
Dodging        | |  3.0

Action                   |  1- 3 |  4- 6 |  7- 9 | 10-12 || total
-------------------------+-------+-------+-------+-------++-------
Melee: Dagger            |    37 |     6 |    25 |   123 ||   191
 Cast: Corona            |     1 |       |       |       ||     1
       Ensorcelled Hiber |     3 |     1 |     4 |     8 ||    16
       Confusing Touch   |       |       |       |    16 ||    16
       Dazzling Flash    |       |       |       |     4 ||     4
       Invisibility      |       |       |       |     1 ||     1
Invok: Shadow Step       |       |       |     1 |     5 ||     6
  Use: Scroll            |       |       |       |     1 ||     1
       Potion            |       |       |       |     3 ||     3
 Stab: Sleeping          |     2 |     5 |    10 |    26 ||    43
       Confused          |       |       |       |    12 ||    12
       Distracted        |       |       |       |     4 ||     4
       Invisible         |       |       |       |     4 ||     4
Armor: Robe              |     2 |       |       |     7 ||     9
Dodge: Dodged            |    27 |     2 |     2 |    84 ||   115

Levels and vault maps discovered:
D:        dungeon_sprint_1 [red_sonja_temple_1, red_sonja_temple_small_1]

Notes
Turn   | Place    | Note
-------+----------+-------------------------------------------
     0 | D        | Dadi the Spriggan Enchanter began the quest for the Orb.
     0 | D        | Reached XP level 1. HP: 9/9 MP: 5/5
     0 | D        | magus.rc [v1.10.3.2021-6-05.01:30:15PM]
     3 | D        | Noticed Ijyb
    31 | D        | HP: 1/9 [Ijyb (2)]
    40 | D        | Killed Ijyb
    41 | D        | Reached skill level 6 in Stealth
    41 | D        | Reached skill level 4 in Spellcasting
    41 | D        | Reached skill level 5 in Hexes
    41 | D        | Reached XP level 2. HP: 3/13 MP: 5/8
   294 | D        | Learned a level 2 spell: Ensorcelled Hibernation
   294 | D        | Noticed an ogre
   306 | D        | Killed an ogre
   307 | D        | Reached skill level 9 in Stealth
   307 | D        | Reached skill level 6 in Spellcasting
   307 | D        | Reached skill level 7 in Hexes
   307 | D        | Reached XP level 3. HP: 16/16 MP: 2/12
   307 | D        | Reached XP level 4. HP: 21/21 MP: 2/13
   313 | D        | Learned a level 3 spell: Confusing Touch
   317 | D        | Learned a level 3 spell: Tukima's Dance
   321 | D        | Learned a level 3 spell: Dazzling Flash
   387 | D        | Noticed Sigmund
   390 | D        | Killed Sigmund
   391 | D        | Reached skill level 11 in Stealth
   391 | D        | Reached skill level 9 in Spellcasting
   391 | D        | Reached skill level 9 in Hexes
   391 | D        | Reached XP level 5. HP: 24/24 MP: 13/17
   391 | D        | Reached XP level 6. HP: 28/28 MP: 14/19
   444 | D        | Found a shimmering blue altar of Sif Muna.
   445 | D        | Found an ornate altar of the Wu Jian Council.
   446 | D        | Found a radiant altar of Vehumet.
   451 | D        | Reached skill level 12 in Stealth
   488 | D        | Found Veokh's Armour Emporium.
   488 | D        | Found an ancient bone altar of Kikubaaqudgha.
   488 | D        | Found a hazy altar of Hepliaklqana.
   488 | D        | Found a hide-covered altar of Uskayaw.
   488 | D        | Found a basalt altar of Yredelemnul.
   488 | D        | Found an opulent altar of Gozag.
   488 | D        | Found a snail-covered altar of Cheibriados.
   488 | D        | Found a sacrificial altar of Ru.
   488 | D        | Found a shadowy altar of Dithmenos.
   488 | D        | Noticed a yak
   489 | D        | Found a stormy altar of Qazlal.
   489 | D        | Found a blossoming altar of Fedhas.
   489 | D        | Found a bloodstained altar of Trog.
   489 | D        | Found an iron altar of Okawaru.
   489 | D        | Found a glowing golden altar of the Shining One.
   489 | D        | Found a glowing silver altar of Zin.
   489 | D        | Found a white marble altar of Elyvilon.
   490 | D        | Killed a yak
   491 | D        | Reached skill level 13 in Stealth
   491 | D        | Reached skill level 10 in Spellcasting
   491 | D        | Reached skill level 10 in Hexes
   491 | D        | Found a sparkling altar of Nemelex Xobeh.
   510 | D        | Became a worshipper of Dithmenos the Shadowed
   526 | D        | Found a viscous altar of Jiyva.
   526 | D        | Found a corrupted altar of Lugonu.
   526 | D        | Noticed a slime creature
   527 | D        | Found a burning altar of Makhleb.
   527 | D        | Found a shimmering altar of Xom.
   532 | D        | Killed a slime creature
   533 | D        | Reached skill level 14 in Stealth
   533 | D        | Reached skill level 11 in Spellcasting
   533 | D        | Reached skill level 11 in Hexes
   533 | D        | Reached XP level 7. HP: 32/32 MP: 18/22
   571 | D        | Bought the +1 hat "Juisocw" {Int+2 Stlth+} for 322 gold
                  | pieces
   592 | D        | Noticed a kobold demonologist
   593 | D        | Noticed a kobold demonologist
   595 | D        | Killed a kobold demonologist
   596 | D        | Reached skill level 15 in Stealth
   596 | D        | Reached skill level 12 in Hexes
   597 | D        | Killed a kobold demonologist
   597 | D        | Reached * piety under Dithmenos
   598 | D        | Reached skill level 12 in Spellcasting
   598 | D        | Reached XP level 8. HP: 36/36 MP: 23/25
   610 | D        | Noticed a demonic crawler
   610 | D        | Noticed a demonic crawler
   610 | D        | Noticed a demonic crawler
   610 | D        | Noticed a demonic crawler
   702 | D        | Noticed Sonja
   706 | D        | Killed Sonja
   707 | D        | Reached skill level 5 in Short Blades
   707 | D        | Reached skill level 16 in Stealth
   707 | D        | Reached skill level 13 in Spellcasting
   707 | D        | Reached skill level 13 in Hexes
   724 | D        | Found Qibutz's Distillery.
   738 | D        | Noticed a shining eye
   738 | D        | Noticed a shining eye
   738 | D        | Noticed a shining eye
   739 | D        | Noticed a shining eye
   739 | D        | Noticed a shining eye
   739 | D        | Noticed a shining eye
   740 | D        | Noticed a shining eye
   740 | D        | Noticed a shining eye
   741 | D        | Killed a shining eye
   741 | D        | Reached ** piety under Dithmenos
   742 | D        | Reached skill level 6 in Short Blades
   742 | D        | Reached XP level 9. HP: 39/39 MP: 27/27
   744 | D        | Reached skill level 7 in Short Blades
   744 | D        | Reached skill level 17 in Stealth
   745 | D        | Killed a shining eye
   746 | D        | Reached skill level 8 in Short Blades
   746 | D        | Reached skill level 14 in Hexes
   748 | D        | Killed a shining eye
   749 | D        | Reached skill level 9 in Short Blades
   749 | D        | Reached skill level 14 in Spellcasting
   749 | D        | Paralysed by a floating eye for 4 turns
   755 | D        | Killed a shining eye
   755 | D        | Reached *** piety under Dithmenos
   760 | D        | Paralysed by a floating eye for 4 turns
   763 | D        | Gained mutation: You are frail. (-10% HP) [a shining eye]
   767 | D        | Gained mutation: Your body sometimes deteriorates upon
                  | taking damage. [a shining eye]
   768 | D        | Paralysed by a floating eye for 3 turns
   773 | D        | Gained mutation: You are weak. (Str -2) [a shining eye]
   774 | D        | Gained mutation: Armour fits poorly on your strangely
                  | shaped body. [a shining eye]
   776 | D        | Paralysed by a floating eye for 4 turns
   781 | D        | Gained mutation: You tend to lose your temper in combat. [a
                  | shining eye]
   815 | D        | Bought a potion of mutation for 104 gold pieces
   823 | D        | Paralysed by a floating eye for 2 turns
   833 | D        | Noticed a deep troll
   842 | D        | Killed a deep troll
   843 | D        | Reached skill level 10 in Short Blades
   843 | D        | Reached skill level 18 in Stealth
   843 | D        | Reached XP level 10. HP: 39/39 MP: 24/29
   871 | D        | Noticed a centaur warrior
   871 | D        | Noticed a centaur warrior
   873 | D        | Killed a centaur warrior
   874 | D        | Reached skill level 11 in Short Blades
   875 | D        | Killed a centaur warrior
   876 | D        | Reached skill level 15 in Spellcasting
   876 | D        | Reached skill level 15 in Hexes
   899 | D        | Noticed an oklob plant
   901 | D        | Killed an oklob plant
   901 | D        | Reached **** piety under Dithmenos
   902 | D        | Reached skill level 12 in Short Blades
   902 | D        | Reached skill level 19 in Stealth
   939 | D        | Reached ***** piety under Dithmenos
   947 | D        | Noticed an unseen horror
   947 | D        | Noticed an unseen horror
   961 | D        | HP: 4/39 [unseen horror (6)]
   989 | D        | HP: 6/39 [necrophage (2)]
   992 | D        | HP: 2/38 [necrophage (3)]
  1092 | D        | Killed a gargoyle
  1120 | D        | HP: 9/37 [necrophage (7)]
  1470 | D        | Found Meebeole's Armour Emporium.
  1649 | D        | Reached ****** piety under Dithmenos
  1655 | D        | Reached skill level 13 in Short Blades
  1920 | D        | Found Necw's General Store.
  1920 | D        | Found Ucse Pei's Assorted Antiques.
  1920 | D        | Found Minwer's General Store.
  1920 | D        | Found Enetyuph's Assorted Antiques.
  1921 | D        | Found Qoweucseurph's Gadget Shop.
  1931 | D        | Killed an unseen horror
  1932 | D        | HP: 6/39 [unseen horror (12)]
  1937 | D        | Killed an unseen horror
  1938 | D        | Reached skill level 16 in Hexes
  1938 | D        | Reached XP level 11. HP: 4/42 MP: 19/31
  2216 | D        | Found Oxten's Book Emporium.
  2239 | D        | Found Muzyiv's Assorted Antiques.
  2239 | D        | Found Anop's General Store.
  2239 | D        | Found Hocu's Jewellery Shoppe.
  2239 | D        | Found Xaucub's Assorted Antiques.
  2239 | D        | Found Ezucoofa's Distillery.
  2239 | D        | Found Purit's Book Shop.
  2239 | D        | Found Piff's Book Shoppe.
  2242 | D        | Found Abaumniw's Antique Armour Boutique.
  2247 | D        | Lost mutation: You are weak. (Str -2) [potion of mutation]
  2247 | D        | Lost mutation: Armour fits poorly on your strangely shaped
                  | body. [potion of mutation]
  2247 | D        | Gained mutation: You are somewhat resistant to further
                  | mutation. [potion of mutation]
  2247 | D        | Gained mutation: You can translocate small distances at
                  | will. [potion of mutation]
  2252 | D        | Bought a potion of mutation for 88 gold pieces
  2252 | D        | Lost mutation: Your body sometimes deteriorates upon taking
                  | damage. [potion of mutation]
  2252 | D        | Lost mutation: You are somewhat resistant to further
                  | mutation. [potion of mutation]
  2252 | D        | Lost mutation: You can translocate small distances at will.
                  | [potion of mutation]
  2252 | D        | Gained mutation: Your movements are slightly less
                  | encumbered by armour. (ER -2) [potion of mutation]
  2252 | D        | Gained mutation: You often lose your temper in combat.
                  | [potion of mutation]
  2252 | D        | Gained mutation: You expend magic power (3 MP) to
                  | strengthen your wands. [potion of mutation]
  2255 | D        | Bought a book of Party Tricks for 600 gold pieces
  2255 | D        | You pick up a book of Party Tricks and begin reading...
  2255 | D        | You add the spells Apportation, Lesser Beckoning,
                  | Alistair's Intoxication and Invisibility to your library.
  2262 | D        | Learned a level 6 spell: Invisibility
  2264 | D        | Learned a level 1 spell: Apportation
  2268 | D        | Learned a level 3 spell: Lesser Beckoning
  2274 | D        | Learned a level 5 spell: Alistair's Intoxication
  2279 | D        | Bought a potion of mutation for 96 gold pieces
  2279 | D        | Lost mutation: You are frail. (-10% HP) [potion of
                  | mutation]
  2279 | D        | Lost mutation: You often lose your temper in combat.
                  | [potion of mutation]
  2279 | D        | Lost mutation: You tend to lose your temper in combat.
                  | [potion of mutation]
  2279 | D        | Lost mutation: Your movements are slightly less encumbered
                  | by armour. (ER -2) [potion of mutation]
  2279 | D        | Gained mutation: You are frail. (-10% HP) [potion of
                  | mutation]
  2279 | D        | Gained mutation: You are partially covered in molten
                  | scales. (AC +2) [potion of mutation]
  2279 | D        | Gained mutation: You are resistant to electric shocks.
                  | (rElec) [potion of mutation]
  2341 | D        | HP: 9/42 [demonic crawler (3)]
  2602 | D        | HP: 9/42 [demonic crawler (2)]
  2605 | D        | Reached skill level 20 in Stealth
  2605 | D        | Reached skill level 16 in Spellcasting
  2885 | D        | Noticed a lindwurm
  2887 | D        | Killed a lindwurm
  2888 | D        | Reached skill level 14 in Short Blades
  3048 | D        | Noticed a 12-headed hydra
  3053 | D        | Killed a 12-headed hydra
  3054 | D        | Reached skill level 15 in Short Blades
  3066 | D        | Noticed a deep elf annihilator
  3068 | D        | Noticed an oklob plant
  3068 | D        | Noticed a mummy priest
  3111 | D        | Noticed a daeva
  3204 | D        | magus.rc [v1.10.3.2021-6-05.01:30:15PM]
  3345 | D        | HP: 6/42 [demonic crawler (5)]
  3347 | D        | Mangled by a demonic crawler

Vanquished Creatures
  A hydra (D)
  2 centaur warriors (D)
  Sonja (D)
  2 unseen horrors (D)
  A deep troll (D)
  An oklob plant (D)
  A lindwurm (D)
  4 shining eyes (D)
  A merfolk siren (D)
  2 kobold demonologists (D)
  A gargoyle (D)
  2 demonic crawlers (D)
  A hornet (D)
  A slime creature (D)
  Sigmund (D)
  2 redbacks (D)
  A yak (D)
  13 hogs (D)
  4 floating eyes (D)
  7 necrophages (D)
  An ogre (D)
  8 jellies (D)
  Ijyb (D)
  A ballistomycete spore (D)
60 creatures vanquished.

Vanquished Creatures (others)
  A gargoyle (D)
  A ballistomycete spore (D)
2 creatures vanquished.

Grand Total: 62 creatures vanquished

Table legend:
 A = Non-vault XP
 B = Vault XP
 C = Vault XP percentage of total XP
 D = Non-vault monster count
 E = Vault monster count
 F = Vault count percentage of total count
                 A         B        C        D         E       F
            +---------+---------+-------+---------+---------+-------
      Total |       0 |   17243 | 100.0 |       0 |      59 | 100.0
            +---------+---------+-------+---------+---------+-------
          D |       0 |   17243 | 100.0 |       0 |      59 | 100.0
            +---------+---------+-------+---------+---------+-------

Illustrated notes

Table legend:
 A = Kills in this place as a percentage of kills in entire the game.
 B = Kills by you in this place as a percentage of kills by you in the entire game.
 C = Kills by friends in this place as a percentage of kills by friends in the entire game.
 D = Other kills in this place as a percentage of other kills in the entire game.
 E = Experience gained in this place as a percentage of experience gained in the entire game.
 F = Experience gained in this place divided by the number of levels of this place that you have seen.
                   A       B       C       D       E      F
               +-------+-------+-------+-------+-------+----------------------
         Total | 100.0 | 100.0 |   N/A |   N/A | 100.0 | 17243.0
       Dungeon | 100.0 | 100.0 |   N/A |   N/A | 100.0 | 17243.0
               +-------+-------+-------+-------+-------+----------------------

Table legend: (Time is in decaauts)
 A = Elapsed time spent in this place.
 B = Non-inter-level travel time spent in this place.
 C = Inter-level travel time spent in this place.
 D = Time resting spent in this place.
 E = Time spent auto-exploring this place.
 F = Levels seen in this place.
 G = Mean time per level.
                   A        B        C        D        E       F      G
               +--------+--------+--------+--------+--------+-----+--------+
         Total |   2987 |   2986 |      1 |   2126 |     25 |   1 | 2987.0 |
       Dungeon |   2987 |   2986 |      1 |   2126 |     25 |   1 | 2987.0 |
               +--------+--------+--------+--------+--------+-----+--------+

Top non-repeatable levels by time:
       D: 2987 daAuts
